 Dungeon Crawl Stone Soup version 0.30-a0-715-gdb4ae3ece1 (webtiles) character file.

Game seed: 8783698259635938507

537 browni3141 the Caller (level 7, -4/50 (64) HPs)
             Began as a Naga Summoner on Jan 24, 2023.
             Was an Initiate of Yredelemnul.
             Slain by a wight
             ... wielding a +4 short sword
              (10 damage)
             ... on level 6 of the Dungeon.
             The game lasted 00:13:41 (2703 turns).

browni3141 the Caller (Naga Summoner)               Turns: 2703, Time: 00:13:42

HP:   -4/50 (64)    AC:  7    Str: 10    XL:     7   Next: 25%
MP:   4/11          EV:  9    Int: 18    God:    Yredelemnul [......]
Gold: 139           SH:  0    Dex: 11    Spells: 6/12 levels left

rFire   . . .      SeeInvis +    (no weapon)
rCold   . . .      Faith    .    (no shield)
rNeg    + . .      Spirit   .    b - +1 robe {rN+}
rPois   +          Reflect  .    e - +2 helmet
rElec   .          Harm     .    (no cloak)
rCorr   .          Rampage  .    (no gloves)
Will    .....                    (no barding)
Stlth   ++                       (no amulet)
HPRegen 0.28/turn                (no ring)
MPRegen 0.12/turn                (no ring)

@: heavily drained, very slow
A: AC +2, large, see invisible, deformed body, poison resistance, slowness 2,
spit poison 1, naga tail 1
a: Spit Poison, Renounce Religion, Recall Undead Harvest


You were on level 6 of the Dungeon.
You worshipped Yredelemnul.
Yredelemnul was noncommittal.
You visited 2 branches of the dungeon, and saw 7 of its levels.

You collected 139 gold pieces.

Inventory:

Armour
 a - a +0 robe
 b - a +1 robe of positive energy (worn)
 e - a +2 helmet (worn)
 h - an orb of guile
Scrolls
 f - a scroll of enchant weapon
 g - a scroll of noise
 i - a scroll of vulnerability
Potions
 j - a potion of might {unknown}
 l - a potion of haste {unknown}
 o - a potion of degeneration


   Skills:
 - Level 4.0 Fighting
 - Level 1.5 Dodging
 - Level 3.0 Stealth
 * Level 3.1 Spellcasting
 * Level 6.8 Summonings


You had 6 spell levels left.
You knew the following spells:

 Your Spells              Type           Power      Damage    Failure   Level
a - Summon Small Mammal   Summ           100%       N/A       1%          1
b - Call Imp              Summ           27%        N/A       1%          2
c - Call Canine Familiar  Summ           27%        N/A       3%          3

Your spell library contained the following spells:

 Spells                   Type           Power      Damage    Failure   Level
 Summon Guardian Golem    Hex/Summ       15%        N/A       12%         3
 Summon Lightning Spire   Summ/Air       15%        N/A       36%         4
 Yara's Violent Unravell  Hex/Tmut       1%         3d3       99%         5
 Enfeeble                 Hex            1%         N/A       100%        7
 Chain Lightning          Conj/Air       1%         3d1       100%        9
 Fire Storm               Conj/Fire      1%         7d1       100%        9
 Shatter                  Erth           1%         3d5*      100%        9


Dungeon Overview and Level Annotations

Branches:
Dungeon (7/15)             Temple (1/1) D:6

Altars:
Dithmenos
Yredelemnul

Annotations:
D:6 exclusions: 2 kobolds and kobold brigand, Edmund


Innate Abilities, Weirdness & Mutations

Your serpentine skin is tough. (AC +2)
You have supernaturally acute eyesight. (SInv)
Armour fits poorly on your strangely shaped body.
Your system is resistant to poisons. (rPois)
You cover ground very slowly.
You can spit poison.
You have a snake-like lower body.


Message History

The wight is moderately damaged.
Your hound bites the wight but does no damage.
The wight hits you with a +4 short sword.
The wight hits you from afar with a +0 spear.
You hit the wight but do no damage.
The wight is moderately damaged.
Your hound barely misses the wight.
Your hound bites the wight.
The wight closely misses you. The wight barely misses you.
You hit the wight but do no damage.
The wight is moderately damaged.
Your hound misses the wight. The wight barely misses you.
The wight hits you with a +4 short sword!
You feel much better.
Your hound bites the wight but does no damage. x2
The wight hits you from afar with a +0 spear.
You partially resist.
You feel drained.
The wight hits you with a +4 short sword.
Your hound bites the wight but does no damage.
The wight hits you with a +4 short sword!
You partially resist.
You feel drained.
The wight hits your hound but does no damage.
Your hound bites the wight but does no damage.
Your hound bites the wight.
The wight hits you with a +4 short sword!
You partially resist.
You feel drained. The wight completely misses your hound.
Your hound closely misses the wight.
The wight attacks as you move away!
The wight hits you with a +4 short sword!
* * * LOW HITPOINT WARNING * * *
You partially resist.
You feel drained.
* * * LOW HITPOINT WARNING * * *
Your hound bites the wight but does no damage.
The wight hits your hound with a +0 spear.
The wight drains your hound.
Your hound bites the wight.
The wight hits your hound with a +0 spear!
Your hound dies!
Your hound's corpse disappears in a puff of smoke!
The wight hits you with a +4 short sword!
You die...
Your body rises from the dead as a mindless zombie.

#....##.....####....###.#
#....####.### #....# #..
#....# #.# #....# ###
#....####.# #....# #
####......# #....#####
#)....## #....#....
#.P....# #....#.###
#.....P# #....#.#
##ยง.>@.## #....#.###
#Pz.Pz.# #....#...#
#......# #....###.#
#......#####....###.#
#...).........(.....#
####....#############
#....# #....... #....#
####.###### #....#
#.........#


You could see 2 wights.

Vanquished Creatures
  An iguana (D:6)
  2 adders
  2 dart slugs (D:1)
  4 orcs
  4 bats
  A giant cockroach (D:2)
  2 hobgoblins (D:1)
  3 jackals (D:2)
  2 quokkas (D:1)
  3 ball pythons
  4 goblins
  2 rats (D:1)
30 creatures vanquished.

Vanquished Creatures (collateral kills)
  Sigmund (D:6)
  A sky beast (D:6)
  A wight (D:6)
  2 orc priests (D:6)
  An orc wizard (D:6)
  An adder (D:2)
  6 orcs (D:6)
  2 endoplasms (D:1)
  2 goblins
  A jackal (D:2)
  A quokka (D:1)
  A frilled lizard (D:1)
  A kobold (D:1)
21 creatures vanquished.

Vanquished Creatures (others)
  An orc wizard (D:7)
1 creature vanquished.

Grand Total: 52 creatures vanquished

Notes
Turn   | Place    | Note
-------+----------+-------------------------------------------
     0 | D:1      | browni3141 the Naga Summoner began the quest for the Orb.
     0 | D:1      | Reached XP level 1. HP: 15/15 MP: 3/3
    43 | D:1      | Reached skill level 1 in Fighting
    57 | D:1      | Reached XP level 2. HP: 17/25 MP: 0/5
   263 | D:1      | Found a faded altar of an unknown god.
   548 | D:1      | Reached XP level 3. HP: 31/31 MP: 4/6
   554 | D:1      | Learned a level 2 spell: Call Imp
   558 | D:1      | Learned a level 3 spell: Call Canine Familiar
   974 | D:2      | Reached skill level 5 in Summonings
  1647 | D:2      | Reached XP level 4. HP: 38/38 MP: 7/7
  1831 | D:3      | You fall into a shaft and drop 3 floors!
  1842 | D:6      | Noticed Edmund
  1865 | D:6      | Noticed a kobold brigand
  2018 | D:6      | Found a staircase to the Ecumenical Temple.
  2019 | D:6      | Noticed Sigmund
  2149 | D:6      | Reached XP level 5. HP: 44/44 MP: 4/8
  2179 | D:5      | Entered Level 5 of the Dungeon
  2179 | D:5      | Noticed a black bear
  2214 | D:6      | Noticed a sky beast
  2243 | D:6      | HP: 1/44 [orc priest/+0 short sword (4)]
  2248 | D:6      | Reached skill level 6 in Summonings
  2275 | D:6      | Killed a sky beast
  2276 | D:6      | Reached XP level 6. HP: 22/56 MP: 1/10
  2508 | D:6      | Killed Sigmund
  2509 | D:6      | Reached XP level 7. HP: 64/64 MP: 8/11
  2532 | Temple   | Entered the Ecumenical Temple
  2552 | Temple   | Became a worshipper of Yredelemnul the Dark
  2703 | D:6      | Slain by a wight

Illustrated notes

Levels and vault maps discovered:
D:1:      tarquinn_simple_flora_water_d, layout_loops_cross,
          shapermc_ecumenical_altar_gd, minmay_domino_2
D:2:      layout_basic
D:3:      layout_basic
D:5:      layout_basic, gammafunk_ghost_cemetery, minmay_ruined_shrine,
          uniq_crazy_yiuf_cottage
D:6:      layout_basic, minmay_temple_entry_overgrown, serial_shops,
          kennysheep_little_box, uniq_eustachio, uniq_maggie, uniq_sigmund,
          uniq_edmund
D:7:      layout_loops_ring, serial_shops, shop, minivault_5,
          grunt_decor_arrowhead, kennysheep_small_circle, uniq_prince_ribbit1
Temple:   nicolae_temple_slightly_damp_pantheon

Skill      XL: |  1  2  3  4  5  6 |
---------------+-------------------+-----
Fighting       | 1 3 4 |  4.0
Summonings     | 5 6 |  6.8
Spellcasting   | 3 |  3.1
Dodging        | |  1.5
Stealth        | |  3.0

Action                     |  1- 3 |  4- 6 |  7- 9 || total
---------------------------+-------+-------+-------++-------
  Melee: Unarmed           |    48 |    10 |     3 ||    61
         Punch             |       |     1 |       ||     1
   Cast: Summon Small Mamm |    11 |     4 |       ||    15
         Call Imp          |     9 |     5 |     2 ||    16
         Call Canine Famil |       |    10 |     6 ||    16
Ability: Spit Poison       |    26 |    14 |       ||    40
    Use: Scroll            |       |     6 |     1 ||     7
         Potion            |       |     3 |     1 ||     4
   Stab: Distracted        |       |     1 |       ||     1
 Armour: Robe              |    33 |    11 |     2 ||    46
  Dodge: Dodged            |    37 |    11 |     8 ||    56

Table legend: (Time is in decaauts)
 A = Elapsed time spent in this place.
 B = Non-inter-level travel time spent in this place.
 C = Inter-level travel time spent in this place.
 D = Time resting spent in this place.
 E = Time spent auto-exploring this place.
 F = Levels seen in this place.
 G = Mean time per level.
                   A        B        C        D        E       F      G
               +--------+--------+--------+--------+--------+-----+--------+
         Total |   3435 |   3323 |    112 |    317 |   2081 |   7 |  490.7 |
       Dungeon |   3313 |   3214 |     99 |    242 |   2067 |   6 |  552.2 |
        Temple |    121 |    109 |     12 |     75 |     14 |   1 |  121.0 |
               +--------+--------+--------+--------+--------+-----+--------+

Top non-repeatable levels by time:
     D:2: 1269 daAuts
     D:1: 1140 daAuts
     D:6: 885 daAuts
  Temple: 121 daAuts
     D:7: 16 daAuts
     D:5: 1 daAuts
